 Dungeon Crawl Stone Soup version 0.21.1-1-g345015f (webtiles) character file.

191 inc the Scratcher (level 5, 22/22 HPs)
             Began as a Felid Transmuter on Feb 24, 2018.
             Quit the game on level 4 of the Dungeon.
             The game lasted 00:11:33 (4263 turns).

inc the Scratcher (Felid Transmuter)                Turns: 4263, Time: 00:11:34

Health: 22/22      AC:  2    Str:  6    XL:     5   Next: 41%
Magic:  9/9        EV: 18    Int: 17    God:
Gold:   173        SH:  0    Dex: 16    Spells: 2/8 levels left
                                        Lives:  0   Deaths: 1

rFire    . . .     SeeInvis +     - Unarmed
rCold    . . .     Gourm    .   (shield unavailable)
rNeg     . . .     Faith    .   (armour unavailable)
rPois    .         Spirit   .   (helmet unavailable)
rElec    .         Reflect  .   (cloak unavailable)
rCorr    .         Harm     .   (gloves unavailable)
MR       .....                  (boots unavailable)
Stlth    ++........             (no amulet)
HPRegen  0.07/turn              (no ring)
MPRegen  0.11/turn              (no ring)

@: quick
A: very small, no armour, no weapons or thrown items, stealth, claws 1, fangs 3,
see invisible, carnivore, speed 1, shaggy fur 2, slow metabolism 1, sharp paws
a: no special abilities


You were on level 4 of the Dungeon.
You were not hungry.

You visited 1 branch of the dungeon, and saw 4 of its levels.

You collected 173 gold pieces.

Inventory:

Missiles
 a - 18 arrows
Scrolls
 e - a scroll of teleportation {unknown}
 f - a scroll of noise {unknown}
 h - 3 scrolls of remove curse {unknown}
 i - 2 scrolls of identify {unknown}
 k - 4 scrolls of enchant armour {unknown}
 m - a scroll of fog {unknown}
 n - 2 scrolls of blinking {unknown}
Potions
 d - a potion of ambrosia
 g - 2 potions of degeneration {unknown}
 j - a potion of curing {unknown}
Books
 b - a book of Changes

   Spells                             Type                      Level
   a - Beastly Appendage              Transmutation                1
   b - Sticks to Snakes               Transmutation                2
   c - Spider Form                    Transmutation/Poison         3
   d - Ice Form                       Ice/Transmutation            4
   e - Blade Hands                    Transmutation                5
 l - a book of Cantrips

   Spells                             Type                      Level
   a - Confusing Touch                Hexes                        1
   b - Animate Skeleton               Necromancy                   1
   c - Summon Small Mammal            Summoning                    1
   d - Apportation                    Translocation                1
Comestibles
 c - 12 rations


   Skills:
 + Level 2.1 Fighting
 - Level 2.6 Dodging
 - Level 4.5 Unarmed Combat
 - Level 2.0 Spellcasting
 + Level 4.3 Transmutations
 - Level 3.3 Poison Magic


You had 2 spell levels left.
You knew the following spells:

 Your Spells              Type           Power        Failure   Level  Hunger
a - Beastly Appendage     Tmut           ###...       3%          1    #......
b - Sticks to Snakes      Tmut           ###.....     4%          2    ###....
c - Spider Form           Tmut/Pois      ##........   12%         3    ###....


Dungeon Overview and Level Annotations

Branches:
Dungeon (4/15)
 Temple: D:4-7

Altars:
Trog

Annotations:
D:4 letownia2's ghost, amateur VSIE


Innate Abilities, Weirdness & Mutations

You cannot wear armour.
You are incapable of wielding weapons or throwing items.
Your paws allow you to move quietly. (Stealth)
You have sharp claws.
You have razor-sharp teeth.
You have supernaturally acute eyesight. (SInv)
You are carnivorous and can eat meat at any time.
You cover ground quickly.
You are covered in thick fur. (AC +2)
You have a slow metabolism.
Your sharp claws are effective at attacking unaware monsters.


Message History

The ball python bites you but does no damage.
The ball python constricts you.
You barely miss the ball python.
The ball python is heavily wounded.
The ball python misses you. The ball python constricts you.
Letownia2's ghost points at you and mumbles some strange words.
The puff of frost hits you!
You hit the ball python.
You kill the ball python!
Letownia2's ghost points at you and mumbles some strange words.
The puff of frost hits you!
* * * LOW HITPOINT WARNING * * *
Letownia2's ghost gestures at you while chanting.
The puff of frost hits you!
You die...
Your shape twists and changes as you die.
You are now level 5!
Your transformation has ended.
You rejoin the land of the living...
Are you sure you want to abandon this character and quit the game? (Confirm with "yes".)

#.#.# #.#.. #########
#.###
#.......########<...
####.#####.........####
#......# #####........#
#.##.#.# #.###.##.#
#.##.#.# #.# #.##.#
#....#@# #.###.##.#
##..###.# #........#
#.......##.......##.....
#.#.#.####.......##.#...
#.#.#.# #....[W.##.....
#.#...# #.......##.#...
#.##..# #.............#
#.#...# #......###...W.
#.....# #...... ####.#


There were no monsters in sight!

Vanquished Creatures
  Purgy (D:4)
  A sky beast (D:4)
  2 orc priests (D:4)
  An iguana (D:4)
  A worker ant (D:2)
  A worm (D:2)
  2 dart slugs (D:1)
  2 leopard geckos (D:2)
  5 orcs
  A ball python (D:4)
  2 bats (D:2)
  3 giant cockroaches
  10 goblins
  8 hobgoblins
  6 jackals
  6 kobolds
  A quokka (D:4)
  3 frilled lizards
  5 rats
61 creatures vanquished.

Vanquished Creatures (collateral kills)
  An adder (D:3)
  A worm (D:2)
  A goblin (D:2)
  A hobgoblin (D:2)
4 creatures vanquished.

Grand Total: 65 creatures vanquished

Notes
Turn   | Place    | Note
-------+----------+-------------------------------------------
     0 | D:1      | inc the Felid Transmuter began the quest for the Orb.
     0 | D:1      | Reached XP level 1. HP: 9/9 MP: 4/4
   241 | D:1      | Reached XP level 2. HP: 6/12 MP: 4/6
  1231 | D:2      | Reached XP level 3. HP: 15/15 MP: 5/7
  1720 | D:2      | Learned a level 2 spell: Sticks to Snakes
  1724 | D:2      | Learned a level 3 spell: Spider Form
  1780 | D:2      | Reached skill level 1 in Poison Magic
  2021 | D:2      | Reached XP level 4. HP: 19/19 MP: 1/8
  2898 | D:3      | Found a bloodstained altar of Trog.
  3478 | D:4      | Noticed a sky beast
  3507 | D:4      | Reached XP level 5. HP: 20/22 MP: 3/9
  3511 | D:4      | Killed a sky beast
  3773 | D:4      | Noticed letownia2's ghost (amateur VSIE)
  3882 | D:4      | Gained mutation: You are covered in thick fur. (AC +2) [Felid growth]
  3882 | D:4      | Reached XP level 6. HP: 17/25 MP: 8/10
  3991 | D:4      | Noticed Purgy
  4025 | D:4      | Killed Purgy
  4262 | D:4      | Killed from afar by letownia2's ghost
  4263 | D:4      | Reached XP level 5. HP: 0/22 MP: 8/9
  4263 | D:4      | Quit the game

Skill      XL: |  1  2  3  4  5  6 |
---------------+-------------------+-----
Unarmed Combat | 4 |  4.5
Poison Magic   | 1 2 3 |  3.3
Transmutations | 3 4 |  4.3
Fighting       | 2 |  2.1
Dodging        | |  2.6
Spellcasting   | |  2.0

Action                   |  1- 3 |  4- 6 || total
-------------------------+-------+-------++-------
Melee: Unarmed           |   124 |   103 ||   227
       Headbutt          |     8 |     2 ||    10
       Bite              |     6 |     2 ||     8
       Punch             |     2 |       ||     2
 Cast: Beastly Appendage |    14 |     3 ||    17
       Sticks to Snakes  |     7 |    12 ||    19
       Spider Form       |       |    11 ||    11
  Use: Potion            |     4 |       ||     4
 Stab: Sleeping          |     5 |     1 ||     6
  Eat: Chunk             |     5 |    10 ||    15
Armor: Skin              |    15 |     6 ||    21
Dodge: Dodged            |    88 |    95 ||   183
